 Dungeon Crawl Stone Soup version 0.31-a0-700-gf13585253f (webtiles) character file.

Game seed: 10873619074141706777

42 qw the Shooter (level 3, 0/22 HPs)
             Began as a Gargoyle Hunter on Sept 7, 2023.
             Killed from afar by Natasha (1 damage)
             ... with a magic dart
             ... on level 2 of the Dungeon.
             The game lasted 00:00:25 (1147 turns).

qw the Shooter (Gargoyle Hunter)                    Turns: 1147, Time: 00:00:26

Health: 0/22       AC:  6    Str: 14    XL:     3   Next: 56%
Magic:  3/3        EV: 11    Int:  9    God:
Gold:   22         SH:  0    Dex: 15    Spells: 2/2 levels left

rFire   . . .        Y - +0 shortbow
rCold   . . .        (shield currently unavailable)
rNeg    + . .        c - +0 leather armour
rPois   inf          (no helmet)
rElec   +            (no cloak)
rCorr   .            (no gloves)
SInv    .            (no boots)
Will    .....        j - amulet of the acrobat
Stlth   ++           (no ring)
HPRegen 0.23/turn    (no ring)
MPRegen 0.08/turn

%: acrobat
@: about to teleport, slowed, very slow
A: sickness immunity, AC +3, negative energy resistance 1, electricity
resistance, torment resistance 1, petrification resistance
a: no special abilities


You were on level 2 of the Dungeon.
You visited 1 branch of the dungeon, and saw 2 of its levels.

You collected 22 gold pieces.


Innate Abilities, Weirdness & Mutations

You are immune to sickness and miasma.
Your stone body is resilient. (AC +3)
You are immune to poison.
You resist negative energy. (rN+)
You are resistant to electric shocks. (rElec)
You are resistant to unholy torment.
You are immune to petrification.


   Skills:
 + Level 2.7 Fighting
 - Level 5.0 Ranged Weapons
 - Level 1.5 Dodging
 - Level 1.1 Stealth


You had 2 spell levels left.
You didn't know any spells.
Your spell library was empty.

Inventory:

Hand Weapons
 Y - a +0 shortbow (weapon)
Armour
 c - a +0 leather armour (worn)
Jewellery
 j - an amulet of the acrobat (around neck)
Potions
 a - a potion of enlightenment {unknown}
 f - a potion of lignification {unknown}
 g - a potion of mutation {unknown}

Dungeon Overview and Level Annotations

Branches:
Dungeon (2/15)

Altars:

Annotations:
D:2 Natasha


Message History

The cerulean imp attacks as it pursues you!
The cerulean imp completely misses you. x2
Enter note:
1141 |||
Found retreat position at 0,-3 (floor) with 0 blocking monsters and 2 monsters attacking at destination at distance 3
1141 ||| Stepping ~*~*~tactically~*~*~ (retreating).
Natasha stares at you and mumbles some strange words.
You resist with significant effort.
The cerulean imp hits you from afar with a +2 spear.
The cerulean imp attacks as it pursues you!
The cerulean imp hits you from afar with a +2 spear.
Enter note:
1142 |||
Found retreat position at 0,-2 (floor) with 0 blocking monsters and 2 monsters attacking at destination at distance 2
1142 ||| Stepping ~*~*~tactically~*~*~ (retreating).
The cerulean imp attacks as it pursues you!
The cerulean imp completely misses you.
Enter note:
1143 |||
Found retreat position at 0,-1 (floor) with 0 blocking monsters and 2 monsters attacking at destination at distance 1
1143 ||| Stepping ~*~*~tactically~*~*~ (retreating).
You shoot an arrow. The arrow closely misses Natasha.
The arrow hits the cerulean imp.
The cerulean imp is lightly wounded.
Natasha casts a spell at you.
You feel yourself slow down.
The cerulean imp hits you from afar with a +2 spear.
You shoot an arrow. The arrow hits Natasha.
Natasha is moderately wounded.
The cerulean imp hits you from afar with a +2 spear.
Natasha barely misses you. Natasha claws you.
The cerulean imp hits you from afar with a +2 spear.
1146 ||| READING scroll of teleportation.
As you read the scroll of teleportation, it crumbles to dust.
You feel strangely unstable.
The cerulean imp hits you from afar with a +2 spear.
Natasha claws you but does no damage.
You shoot an arrow. The arrow barely misses Natasha.
The arrow hits the cerulean imp but does no damage.
Natasha casts a spell at you. The magic dart hits you.
You die...
Natasha curls up and begins to purr.

#
#..........#
#
#.########.#
# #.# #.# #
#.# #.# #
#.# #.# #
#.# #.# #.#
#.# #.. #.#
#@# #h#
##5##
##.5.##
##.....##
#.......#
...........#
#.#........#
#.##.....#.#


You could see Natasha and 2 cerulean imps.

Vanquished Creatures
  An adder (D:2)
  A dart slug (D:1)
  5 bats
  An endoplasm (D:1)
  A goblin (D:2)
  9 jackals
  A kobold (D:1)
  2 quokkas (D:1)
  4 ball pythons (D:1)
  3 frilled lizards (D:1)
28 creatures vanquished.

Notes
Turn   | Place    | Note
-------+----------+-------------------------------------------
     0 | D:1      | qw the Gargoyle Hunter began the quest for the Orb.
     0 | D:1      | Reached XP level 1. HP: 12/12 MP: 1/1
     0 | D:1      | 0 ||| qw: Version: 0.3-a-76-g4403597
     0 | D:1      | 0 ||| qw: Game counter: 610
     0 | D:1      | 0 ||| qw: Melee chars always use a shield: true
     0 | D:1      | 0 ||| qw: God list: Okawaru
     0 | D:1      | 0 ||| qw: Allow faded altars: false
     0 | D:1      | 0 ||| qw: Do Orc after clearing Dungeon:15 true
     0 | D:1      | 0 ||| qw: Do second Lair branch before Depths: true
     0 | D:1      | 0 ||| qw: Lair rune preference: random
     0 | D:1      | 0 ||| qw: Goals: Normal
     0 | D:1      | 0 ||| PLANNING D:1-11
   175 | D:1      | Reached XP level 2. HP: 17/17 MP: 2/2
   750 | D:1      | Reached XP level 3. HP: 21/21 MP: 3/3
   756 | D:1      | Reached skill level 5 in Ranged Weapons
   821 | D:1      | 821 ||| UPGRADING to amulet of the acrobat.
   826 | D:1      | 826 ||| READING scroll labelled ERYRUTHROYMO.
   827 | D:1      | 827 ||| READING scroll labelled ZYMOTU SEOWI.
   828 | D:1      | 828 ||| READING 2 scrolls labelled CEME AGIQEFAFA.
   833 | D:1      | 833 ||| READING scroll labelled XIUNNOEL FOEHO.
   834 | D:1      | 834 ||| READING scroll labelled IRCHYF YNLEJ.
   835 | D:1      | 835 ||| READING scroll labelled KOULEO WIFFUD.
   836 | D:1      | 836 ||| READING scroll labelled UCSYXK GUENIOS.
   937 | D:1      | 937 ||| READING scroll labelled IKHOKEI QYIXOGRUON.
   938 | D:1      | 938 ||| DROPPING scroll of butterflies.
   962 | D:2      | 962 ||| STAIRDANCE
  1132 | D:2      | Noticed Natasha
  1139 | D:2      | 1139 ||| Stepping ~*~*~tactically~*~*~ (retreating).
  1140 | D:2      | 1140 ||| Stepping ~*~*~tactically~*~*~ (retreating).
  1141 | D:2      | 1141 ||| Stepping ~*~*~tactically~*~*~ (retreating).
  1142 | D:2      | 1142 ||| Stepping ~*~*~tactically~*~*~ (retreating).
  1143 | D:2      | 1143 ||| Stepping ~*~*~tactically~*~*~ (retreating).
  1145 | D:2      | HP: 4/22 [Natasha (6)]
  1146 | D:2      | 1146 ||| READING scroll of teleportation.
  1146 | D:2      | HP: 1/22 [cerulean imp/+2 spear[Natasha] (2)]
  1147 | D:2      | Killed from afar by Natasha

Levels and vault maps discovered:
D:1:      heliophobic_arrival_henge, layout_loops_corners,
          minmay_misc_feat_rugged, kennysheep_doodads, minmay_misc_feat_chi
D:2:      layout_loops_ring, basic_altar, uniq_natasha

Skill      XL: |  1  2  3 |
---------------+----------+-----
Ranged Weapons | 5 |  5.0
Fighting       | |  2.7
Dodging        | |  1.5
Stealth        | |  1.1

Action                     || total
---------------------------++-------
   Fire: Shortbow          ||    94
    Use: Scroll            ||     9
 Armour: Leather armour    ||    39
  Dodge: Dodged            ||    49

Table legend:
 A = Non-vault XP
 B = Vault XP
 C = Vault XP percentage of total XP
 D = Non-vault monster count
 E = Vault monster count
 F = Vault count percentage of total count
                 A         B        C        D         E       F
            +---------+---------+-------+---------+---------+-------
      Total |      61 |       0 |   0.0 |      28 |       0 |   0.0
            +---------+---------+-------+---------+---------+-------
        D:1 |      43 |       0 |   0.0 |      24 |       0 |   0.0
        D:2 |      18 |       0 |   0.0 |       4 |       0 |   0.0
            +---------+---------+-------+---------+---------+-------
